[Event "Early-Titled-Tuesday-Blitz-December-26-2023"]
[Site "Chess.com"]
[Date "2023.12.26"]
[Round "5"]
[White "GiorgianBarbosa"]
[Black "margarita_2703"]
[Result "0-1"]
[WhiteElo "2486"]
[BlackElo "2336"]
[TimeControl "180+1"]
[EndTime "8:57:56 PST"]
[Termination "margarita_2703 won by resignation"]

1. d4 d5 2. Nf3 Nf6 3. e3 c5 4.
b3 Nc6 5. a3 cxd4 6. exd4 Bg4 7. Bb2 e6 8. Bd3 Bd6 9. Nbd2 O-O 10. O-O Rc8 11. h3 Bh5 12. Qe1 Bg6 13. Qe3 Bxd3 14. Qxd3 Re8 15. Rfe1 a6 16. c4 h6 17. c5 Bb8 18. b4 Nd7 19. Bc3 f5 20. a4 Nf6 21.
b5 axb5 22. axb5 Na7 23. Ne5 Ne4 24. Ba5 Qe7 25. Ndf3 g5 26. Bb6 g4 27. hxg4 fxg4 28. Nxg4 Qg7 29. Nge5 Rf8 30. Bxa7 Bxe5 31. dxe5 Qg4 32.
Ra4 Rf4 33. Nh2 Qg7 34. Raxe4 dxe4 35. Rxe4 Rxe4 36. Qxe4 Rd8 37. Nf1 Rd5 38. c6 bxc6 39. bxc6 Qxa7 40. Qg6+ Kf8 41. Qxh6+ Qg7 42. Qxe6 Qxe5 43.
Qh6+ Ke7 44. Ne3 Rc5 45. g3 Qe4 46. Qg7+ Ke8 47. Qd7+ Kf8 48. Qd6+ Qe7 49. Qh6+ Kg8 50. Qg6+ Kf8 51. Nf5 Qe5 52. Qh6+ Kf7 53. Qh7+ Ke6 54. Qd7+ Kf6 55. Ne3 Qe4 56. Qd8+ Kf7 57. Qd7+ Qe7 58. Qd4 Rxc6 59. Qf4+ Rf6 60. Qg4 Qc7 61. Qh5+ Kg7 62.
Qg5+ Kf7 63. Qh5+ Ke6 64. Qh3+ Kd6 65. Qg4 Qc1+ 66. Kg2 Qc6+ 67. Kg1 Qc1+ 68. Kg2 Qc6+ 69. Kf1 Qc1+ 70. Qd1+ Qxd1+ 71. Nxd1 Ke5 72. Ne3 Rf8 73.
Kg2 Ra8 74. Ng4+ Kf5 75. Ne3+ Ke4 76. Ng4 Rf8 77. Nh2 Kf5 78. f4 Rg8 79. Nf3 Re8 80. Ne5 Ra8 81. Kh3 Ra3 82. Nf7 Kf6 83. Ng5 Kf5 84.
Nf3 Rxf3 85. Kg2 Kg4 0-1

[Event "Early-Titled-Tuesday-Blitz-December-26-2023"]
[Site "Chess.com"]
[Date "2023.12.26"]
[Round "5"]
[White "Felix-Rose"]
[Black "Alenzer"]
[Result "1/2-1/2"]
[WhiteElo "2243"]
[BlackElo "2067"]
[TimeControl "180+1"]
[EndTime "8:58:08 PST"]
[Termination "Game drawn - insufficient material"]

1. e4 c5 2. Nf3 e6 3. d4 cxd4 4. Nxd4 Nf6 5. Nc3 Nc6 6. Ndb5 d6 7. Bf4 e5 8. Bg5 a6 9. Na3 b5 10. Nd5 Be7 11. Bxf6 Bxf6 12. c3 Rb8 13. Be2 O-O 14. O-O Bg5 15. Nc2 Be6 16. Ncb4 Nxb4 17. Nxb4 Qb6 18.
Nd5 Qb7 19. Bg4 Bxd5 20. Qxd5 Qxd5 21. exd5 f5 22. Be2 a5 23. a3 Rfc8 24. Rfd1 Kf7 25. g3 Rc5 26. h4 Bd8 27. Kg2 g6 28. Rd2 e4 29. a4 b4 30. c4 Bf6 31. Rh1 b3 32. h5 g5 33. h6 Rb4 34. Ra1 Kg6 35.
Ra3 Rc7 36. Kf1 Bc3 37. bxc3 b2 38. cxb4 b1=Q+ 39. Rd1 Qxb4 40. Raa1 Qc5 41. Rab1 Qa3 42. Ra1 Qc5 43. Rdb1 e3 44. Rb5 Qd4 45. Rd1 Qe4 46. f3 Qc2 47. Rxa5 Rxc4 48. Ra6 Rxa4 49. Rxd6+ Kf7 50. f4 Qe4 51. Bh5+ Ke7 52. Re6+ Kd7 53. Rxe4 Rxe4 54. fxg5 f4 55. g6 hxg6 56. h7 Re8 57.
Bxg6 e2+ 58. Ke1 exd1=Q+ 59. Kxd1 Rh8 60. gxf4 Kd6 61. Ke2 Kxd5 62. Kf3 Ke6 63. Kg4 Kf6 64. Kh5 Kg7 65. f5 Kf6 66. Kh6 Rf8 67. Kh5 Rh8 68.
Kh6 Rf8 69. Kh5 Rb8 70. Kh6 Rc8 71. Bh5 Kxf5 72. Kg7 Rc7+ 73. Bf7 Rc8 74. Bg8 Rc7+ 75.
Kh6 Rxh7+ 76. Kxh7 1/2-1/2

[Event "Early-Titled-Tuesday-Blitz-December-26-2023"]
[Site "Chess.com"]
[Date "2023.12.26"]
[Round "5"]
[White "whitemirrorninja"]
[Black "Nechitaylo_Nikita"]
[Result "1-0"]
[WhiteElo "2535"]
[BlackElo "2293"]
[TimeControl "180+1"]
[EndTime "8:58:13 PST"]
[Termination "whitemirrorninja won by resignation"]

1. d4 Nf6 2. c4 e6 3. Nc3 Bb4 4. Qc2 O-O 5. a3 Bxc3+ 6. Qxc3 d5 7. Nf3 b6 8. cxd5 Ne4 9. Qc2 exd5 10. Bf4 c5 11.
Rd1 Bf5 12. Qb3 c4 13. Qe3 Re8 14. Qc1 Nc6 15. e3 Na5 16. Nd2 Nxd2 17. Qxd2 Nb3 18. Qc3 a5 19. Be2 b5 20. O-O Qb6 21. Bf3 b4 22.
Qe1 Rad8 23. axb4 axb4 24. Be5 f6 25. Bf4 Bd3 26. Rxd3 cxd3 27. Qd1 Na5 28. Qxd3 Qc6 29.
h4 Qc4 30. Qf5 Qc8 31. Bxd5+ Kh8 32. Qh5 g6 33. Qf3 b3 34. h5 Rf8 35. hxg6 hxg6 36.
g4 Kg7 37. g5 Qd7 38. gxf6+ Rxf6 39. Be5 Qf5 40. Qxf5 gxf5 41. Be6 Re8 42. d5 Kg6 43. Kg2 Rfxe6 44. dxe6 Rxe6 45. Bd4 Nc4 46. Rc1 Nd2 47. Rc7 Rd6 48. f4 Ne4 49. Rg7+ Kh6 50. Rb7 Nd2 51. Kf2 Ne4+ 52. Ke2 Rg6 53. Rxb3 Rg2+ 54. Kd3 Rd2+ 55.
Kc4 Rc2+ 56. Kd5 Kg6 57. Rb6+ Kf7 58. Ke5 Nd2 59. Kxf5 Nc4 60. Rb7+ Ke8 61. Be5 Re2 62. e4 Nxe5 63. Kxe5 Rh2 64. f5 Rh6 65. b4 Rc6 66. Rg7 Kf8 67. Rb7 Ke8 68. Rb5 Kd7 69. Rd5+ Ke7 70.
Rc5 Rb6 71. Rc7+ Kd8 72. Rc4 Rb5+ 73. Kf4 Ke7 74. e5 Rb7 75. f6+ Ke6 76. Rc6+ Kf7 77. Kf5 Rxb4 78. e6+ Kg8 79. f7+ Kg7 80. Rc8 Rb5+ 81.
Ke4 Rb4+ 82. Kd3 Rf4 83. Rg8+ Kh7 84. f8=Q Rd4+ 85. Ke3 Re4+ 86. Kf3 Re3+ 87. Kg4 Rg3+ 88. Kf5 Rf3+ 89. Ke5 Re3+ 90. Kd5 Rd3+ 91. Kc6 Rc3+ 92. Qc5 Rxc5+ 93. Kxc5 Kxg8 94. Kd6 Kf8 95. Kd7 Kg7 96. e7 Kf7 97. e8=Q+ Kf6 98. Qe7+ 1-0

[Event "Early-Titled-Tuesday-Blitz-December-26-2023"]
[Site "Chess.com"]
[Date "2023.12.26"]
[Round "5"]
[White "Chempiblinka"]
[Black "Journey_to_GrandMaster_YT"]
[Result "1-0"]
[WhiteElo "2278"]
[BlackElo "2527"]
[TimeControl "180+1"]
[EndTime "8:58:24 PST"]
[Termination "Chempiblinka won by resignation"]

1. Nf3 d6 2. g3 Nf6 3. Bg2 Nbd7 4. O-O e5 5. d3 Be7 6. c4 O-O 7. Nc3 c6 8. b4 d5 9. cxd5 cxd5 10. a3 d4 11. Nb1 a5 12. Bb2 axb4 13. axb4 Rxa1 14. Bxa1 Bxb4 15. Nbd2 Re8 16. Qb3 Bf8 17. Nc4 Nc5 18. Qb2 Nfd7 19. Nfd2 Kh8 20. Qb5 f5 21. Rc1 Qf6 22.
Na5 Qa6 23. Qxa6 bxa6 24. Ndc4 h5 25. h4 Nf6 26. Bh3 Bd7 27. Bg2 Rb8 28. Nc6 Bxc6 29. Bxc6 Nb3 30. Rb1 Rb4 31. Bb2 Nc5 32. Ra1 Be7 33. Kg2 Rb8 34. Ba3 Rc8 35. Nxe5 Bd6 36. Nf7+ Kh7 37. Nxd6 Rxc6 38. Nc4 Nfd7 39. Rb1 Kg6 40.
Bb4 Kh7 41. Ba3 Rc8 42. Bb2 Rb8 43. Ra1 Rb3 44. Bxd4 Rb5 45. Be3 Nb3 46. Rxa6 Nbc5 47. Ra7 Rb7 48. Ra8 Rb3 49. Rd8 Rb1 50. Bxc5 Nxc5 51.
Rf8 Nb3 52. Rxf5 Nc1 53. Kf3 Ra1 54. Re5 Ra2 55. Nd6 Nb3 56. Nf5 Kg6 57. Kf4 Kf6 58. Rb5 Nc1 59. Rb6+ Kf7 60. e3 Nxd3+ 61. Kf3 Ne5+ 62.
Kg2 Ng4 63. Rb7+ Kf6 64. Nd4 Nxe3+ 65. Kf3 Ng4 66. Rb6+ Kf7 67. Rb7+ Kf6 68. Rb6+ Ke5 69. Nc6+ Kf5 70. Rb5+ Kg6 71. Rg5+ Kh6 72. Ne7 Rxf2+ 73. Ke4 Rf7 74. Nf5+ Rxf5 75. Rxf5 Nf6+ 76. Kf4 Ng4 77. Kf3 g6 78. Rf4 Ne5+ 79. Ke4 Ng4 80. Rf7 Nh2 81.
Kf4 Ng4 82. Ke4 Nh2 83. Ra7 Ng4 84. Kf4 Nh2 85. Ra6 Ng4 86. Ra5 Nh2 87. Rg5 Ng4 88.
Rxg4 hxg4 89. Kxg4 Kh7 90. Kg5 Kg7 91. h5 gxh5 92. Kxh5 Kh7 93. Kg5 Kg7 94. g4 Kg8 95. Kg6 Kh8 96. Kf7 Kh7 97. g5 Kh8 98. Kg6 Kg8 99. Kh6 Kh8 100. g6 Kg8 101. g7 Kf7 102. Kh7 1-0

[Event "Early-Titled-Tuesday-Blitz-December-26-2023"]
[Site "Chess.com"]
[Date "2023.12.26"]
[Round "5"]
[White "Lion_DL"]
[Black "prime-morty"]
[Result "1/2-1/2"]
[WhiteElo "2373"]
[BlackElo "2519"]
[TimeControl "180+1"]
[EndTime "8:59:04 PST"]
[Termination "Game drawn by repetition"]

1. d4 e6 2. c4 a6 3. Nf3 b5 4. cxb5 axb5 5. e4 Bb7 6. Qc2 Nc6 7. Bxb5 Nb4 8. Qe2 Nf6 9. Nc3 c5 10. O-O cxd4 11. Nxd4 Bc5 12. Nb3 Be7 13. a3 Nc6 14.
e5 Ng8 15. Rd1 Qc7 16. Bf4 g5 17. Bg3 h5 18. h3 h4 19. Bh2 Nh6 20. Rac1 Nf5 21.
Ne4 Qb6 22. a4 Ncd4 23. Nxd4 Nxd4 24. Qd3 Nxb5 25. axb5 Kf8 26. Nf6 Bxf6 27. exf6 Bd5 28. Bc7 Qb7 29. Bd6+ Ke8 30. Rc7 Qb6 31. Bh2 Rb8 32. Rdc1 Rd8 33. Qa3 d6 34. Rc8 Kf8 35.
Bxd6+ Kg8 36. Rxd8+ Qxd8 37. Be7 Qd7 38. Qd3 g4 39. b6 gxh3 40. Qxh3 Rh6 41. Qg4+ Rg6 42. Qh3 Rxg2+ 43. Qxg2+ Bxg2 44. Kxg2 Qb7+ 45. Kh2 Qxb6 46. Rc8+ Kh7 47. Rc3 Qxf2+ 48. Kh3 Kg6 49. Ra3 e5 50. Rc3 e4 51. Bc5 Qf1+ 52. Kxh4 Qh1+ 53. Kg3 Qe1+ 54. Kf4 Kxf6 55. Bd4+ Kg6 56. Rc6+ Kh7 57. Be3 Qh4+ 58. Ke5 Qh5+ 59. Kd4 f5 60. Rc7+ Kg6 61. Rc6+ Kf7 62. Rc7+ Ke6 63. Rc6+ Kd7 64. Rc5 Qd1+ 65. Ke5 Qf3 66.
Rd5+ Kc6 67. Rc5+ Kb7 68. Rb5+ Ka6 69. Rb6+ Ka5 70. Rb3 f4 71. Ra3+ Kb5 72. Bxf4 Qg2 73. Re3 Kc4 74. Rxe4+ Kb3 75. Re3+ Kxb2 76. Kd4 Qg4 77.
Ke4 Kc2 78. Rf3 Qe6+ 79. Kd4 Qd7+ 80. Ke3 Qd3+ 81. Kf2 Qe4 82. Kg3 Qg6+ 83. Kf2 Qe4 84. Kg2 Kd1 85. Kg3 Qg6+ 86. Kf2 Qc2+ 87. Kg3 Qg6+ 88.
Kf2 Qg4 89. Rd3+ Kc2 90. Rf3 Qh4+ 91. Bg3 Qd4+ 92. Kg2 Kd1 93. Rf2 Qe4+ 94. Kg1 Qg4 95. Kg2 Qe4+ 96. Kh2 Qg6 97. Kg2 Qh5 98. Rf1+ Ke2 99.
Rf2+ Ke3 100. Rf1 Qd5+ 101. Kh2 Ke2 102. Rf2+ Ke3 103. Rg2 Qh5+ 104. Kg1 Kf3 105. Bf2 Qd5 106. Rg3+ Kf4 107. Re3 Qd1+ 108. Re1 Qg4+ 109. Kf1 Qh3+ 110. Kg1 Qg4+ 111. Kf1 Qh3+ 112. Kg1 Qd3 113. Re3 Qd1+ 114. Kg2 Qg4+ 115. Kf1 Qd1+ 116. Kg2 Qd5+ 117. Kf1 Kg4 118. Kg1 Qd1+ 119. Kg2 Qd5+ 120. Kf1 Kf4 121. Kg1 Qg5+ 122. Kf1 Qh5 123. Kg1 Qg4+ 124. Kf1 Qd1+ 125. Kg2 1/2-1/2

[Event "Early-Titled-Tuesday-Blitz-December-26-2023"]
[Site "Chess.com"]
[Date "2023.12.26"]
[Round "6"]
[White "HajiyevKanan"]
[Black "SHIVACalypso"]
[Result "1-0"]
[WhiteElo "2600"]
[BlackElo "2396"]
[TimeControl "180+1"]
[EndTime "9:00:54 PST"]
[Termination "HajiyevKanan won by resignation"]

1. d4 Nf6 2. Nf3 g6 3. c4 Bg7 4. g3 d6 5. Bg2 O-O 6. O-O Nbd7 7.
b3 e5 8. Bb2 Re8 9. e3 c6 10.
dxe5 dxe5 11. Nc3 Qc7 12. Ng5 h6 13. Nge4 Nxe4 14. Nxe4 b6 15. Qd6 Qxd6 16. Nxd6 Re6 17.
Bxc6 Rb8 18. Nxc8 Rxc6 19. Ne7+ 1-0

[Event "Early-Titled-Tuesday-Blitz-December-26-2023"]
[Site "Chess.com"]
[Date "2023.12.26"]
[Round "6"]
[White "DvaHrasta"]
[Black "Vaibhavraut99"]
[Result "1-0"]
[WhiteElo "2485"]
[BlackElo "2645"]
[TimeControl "180+1"]
[EndTime "9:01:25 PST"]
[Termination "DvaHrasta won by resignation"]

1. c4 c6 2. e4 d5 3. exd5 cxd5 4. cxd5 Nf6 5. Qa4+ Nbd7 6. Bc4 g6 7. d3 Bg7 8. Nc3 O-O 9. Nf3 Nb6 10. Qb3 Bg4 11. Ne5 Bf5 12. O-O Nfxd5 13. Nxf7 Rxf7 14. Nxd5 Nxd5 15. Bxd5 e6 16. Bxe6 Bxe6 17. Qxe6 Qxd3 18. Be3 Bxb2 19. Rab1 Qc2 20. h4 Rc8 21. Rxb2 1-0

[Event "Early-Titled-Tuesday-Blitz-December-26-2023"]
[Site "Chess.com"]
[Date "2023.12.26"]
[Round "6"]
[White "NovakRatko"]
[Black "Kaissa10"]
[Result "1-0"]
[WhiteElo "2430"]
[BlackElo "2075"]
[TimeControl "180+1"]
[EndTime "9:01:56 PST"]
[Termination "NovakRatko won by resignation"]

1. d4 d5 2. c4 c6 3. cxd5 cxd5 4. Nc3 a6 5. f3 Nc6 6. e4 dxe4 7. d5 Ne5 8. fxe4 Nf6 9. Qd4 Ng6 10. e5 Ng4 11. e6 Nf6 12. Qa4+ 1-0

[Event "Early-Titled-Tuesday-Blitz-December-26-2023"]
[Site "Chess.com"]
[Date "2023.12.26"]
[Round "6"]
[White "margarita_2703"]
[Black "Flawless_Fighter"]
[Result "0-1"]
[WhiteElo "2335"]
[BlackElo "2784"]
[TimeControl "180+1"]
[EndTime "9:02:07 PST"]
[Termination "Flawless_Fighter won by checkmate"]

1. e4 c6 2. d4 d5 3. e5 Bf5 4. Ne2 e6 5. Ng3 Bg6 6. h4 h5 7. c4 Bb4+ 8. Nc3 Ne7 9. Bg5 Qa5 10.
Qb3 Nd7 11. a3 Bxc3+ 12. Qxc3 Qxc3+ 13. bxc3 Nb6 14. Bxe7 Kxe7 15. c5 Na4 16. Kd2 b6 17. cxb6 axb6 18. Bd3 Bxd3 19. Kxd3 Nb2+ 20. Kc2 Nc4 21. a4 Ra6 22. Ra2 g6 23. Rha1 Rha8 24. Nf1 b5 25. Kb3 bxa4+ 26. Rxa4 Rb6+ 27. Kc2 Rb2+ 28. Kd3 Rxa4 29. Rxa4 Rxf2 30. Ra7+ Kf8 31. Ne3 Rd2# 0-1

[Event "Early-Titled-Tuesday-Blitz-December-26-2023"]
[Site "Chess.com"]
[Date "2023.12.26"]
[Round "6"]
[White "ValentunHulka"]
[Black "vugarrasulov"]
[Result "0-1"]
[WhiteElo "2752"]
[BlackElo "2934"]
[TimeControl "180+1"]
[EndTime "9:02:11 PST"]
[Termination "vugarrasulov won by resignation"]

1. d4 Nf6 2. c4 e6 3. Nf3 c5 4. d5 exd5 5. cxd5 d6 6. Nc3 g6 7. e4 Bg7 8. Be3 a6 9. a4 Bg4 10. Be2 Bxf3 11. Bxf3 Nbd7 12. O-O O-O 13. Be2 Re8 14. f3 Rb8 15. a5 Nh5 16. Kh1 Be5 17. g3 f5 18. Ra4 f4 19. gxf4 Nxf4 20. Bc4 Qh4 21. Qd2 Rf8 22. b4 b5 23. axb6 Nxb6 24.
bxc5 Bxc3 25. Qxc3 Nxa4 26. Qa5 Rb2 0-1

[Event "Early-Titled-Tuesday-Blitz-December-26-2023"]
[Site "Chess.com"]
[Date "2023.12.26"]
[Round "6"]
[White "Msb2"]
[Black "Lady_Nika"]
[Result "1-0"]
[WhiteElo "3002"]
[BlackElo "2605"]
[TimeControl "180+1"]
[EndTime "9:02:18 PST"]
[Termination "Msb2 won by resignation"]

1. d4 d5 2. c4 e6 3. Nc3 f5 4.
Bf4 Nf6 5. Nf3 c6 6. e3 Bd6 7. Ne5 O-O 8. Be2 Qe7 9. c5 Bc7 10. O-O Ne8 11. b4 a6 12. a4 Nd7 13. Nf3 e5 14. dxe5 Nxe5 15. Bxe5 Bxe5 16. Nxd5 Bxh2+ 17. Kxh2 cxd5 18. Qxd5+ Be6 19. Qe5 Nf6 20. Nd4 Rae8 21. Qxe6+ Qxe6 22. Nxe6 Rxe6 23. Bc4 Ng4+ 24. Kg1 Kf7 25.
Rfd1 Ne5 26. Bxe6+ Kxe6 27. Rd6+ Ke7 28. Rad1 f4 29.
exf4 Rxf4 30. Re1 Rf5 31. f4 1-0

[Event "Early-Titled-Tuesday-Blitz-December-26-2023"]
[Site "Chess.com"]
[Date "2023.12.26"]
[Round "6"]
[White "Kimster98"]
[Black "secrethawk1"]
[Result "0-1"]
[WhiteElo "2580"]
[BlackElo "2469"]
[TimeControl "180+1"]
[EndTime "9:02:18 PST"]
[Termination "secrethawk1 won by checkmate"]

1. d4 Nf6 2. Nc3 d5 3. Bf4 c5 4.
e3 cxd4 5. exd4 Nc6 6. Nb5 Kd7 7. Nf3 e6 8. Ng5 Rg8 9. Nxf7 Qe7 10. Ne5+ Nxe5 11.
Bxe5 Ne4 12. Bd3 Qb4+ 13. c3 Qxb2 14. Rb1 Qxf2# 0-1

[Event "Early-Titled-Tuesday-Blitz-December-26-2023"]
[Site "Chess.com"]
[Date "2023.12.26"]
[Round "6"]
[White "hsd2016"]
[Black "johnmez"]
[Result "0-1"]
[WhiteElo "2246"]
[BlackElo "2297"]
[TimeControl "180+1"]
[EndTime "9:02:48 PST"]
[Termination "johnmez won by checkmate"]

1. e4 e6 2. d4 d5 3. Nd2 Be7 4. e5 c5 5. c3 Nc6 6. Ne2 cxd4 7. cxd4 Nh6 8. f4 Nf5 9. Nf3 Qb6 10. g4 Nh4 11.
Nfg1 O-O 12. Kf2 f6 13. Kg3 fxe5 14. fxe5 Nxe5 15. Nh3 Rf3# 0-1

[Event "Early-Titled-Tuesday-Blitz-December-26-2023"]
[Site "Chess.com"]
[Date "2023.12.26"]
[Round "6"]
[White "AGW2016"]
[Black "Drags95"]
[Result "0-1"]
[WhiteElo "2560"]
[BlackElo "2801"]
[TimeControl "180+1"]
[EndTime "9:03:11 PST"]
[Termination "Drags95 won by resignation"]

1. d4 d5 2. c4 c6 3. cxd5 cxd5 4. Bf4 Nf6 5. e3 Nc6 6. Bd3 a6 7. Nc3 Bg4 8. f3 Bh5 9. Nge2 e6 10. Kf2 Bd6 11. Rc1 Bg6 12. Bxd6 Qxd6 13. Nf4 O-O 14.
Qd2 Rae8 15. Bxg6 fxg6 16. Nd3 Ne4+ 17. Nxe4 dxe4 18. Nc5 exf3 19. gxf3 e5 20. Ne4 Qd5 21.
Kg2 exd4 22. exd4 Rxe4 23. fxe4 Qxe4+ 24. Kg1 Qg4+ 0-1

[Event "Early-Titled-Tuesday-Blitz-December-26-2023"]
[Site "Chess.com"]
[Date "2023.12.26"]
[Round "6"]
[White "DrCeltic"]
[Black "arturdailima"]
[Result "1-0"]
[WhiteElo "2518"]
[BlackElo "2328"]
[TimeControl "180+1"]
[EndTime "9:03:11 PST"]
[Termination "DrCeltic won by resignation"]

1. e4 c5 2. Nf3 e6 3. d4 cxd4 4. Nxd4 Nc6 5. Nc3 Qc7 6. Be3 a6 7. Qf3 Nf6 8. Qg3 Qxg3 9. hxg3 Bb4 10. f3 d5 11. O-O-O Bd7 12. exd5 Nxd4 13. Bxd4 Bxc3 14. Bxc3 Nxd5 15. Bxg7 Rg8 16. Rxh7 Ne3 17. Re1 Nxf1 18. Rxf1 Bc6 19. Bf6 b5 20. g4 Rg6 21. Rh8+ Kd7 22. Rd1+ Kc7 23. Be5+ Kb6 24. Bd4+ Kc7 25. Rh7 Be8 26.
Be5+ Kc6 27. Rd6+ Kc5 28. c3 f6 29. b4+ Kc4 1-0

[Event "Early-Titled-Tuesday-Blitz-December-26-2023"]
[Site "Chess.com"]
[Date "2023.12.26"]
[Round "6"]
[White "Aleksandar-Topalov"]
[Black "whitemirrorninja"]
[Result "0-1"]
[WhiteElo "2352"]
[BlackElo "2539"]
[TimeControl "180+1"]
[EndTime "9:03:14 PST"]
[Termination "whitemirrorninja won by resignation"]

1. b3 e5 2. Bb2 d6 3. d4 e4 4. d5 Nf6 5. e3 Be7 6. Ne2 O-O 7. Nbc3 Re8 8. Ng3 Bf8 9. Be2 Nbd7 10. O-O g6 11.
Qd4 Bg7 12. Qd2 h5 13. Rfd1 h4 14. Nf1 h3 15. g3 Ne5 16. Nb5 Bg4 17. Nd4 c5 18.
dxc6 bxc6 19. Bxg4 Nfxg4 20. Qe2 Qf6 21. Rab1 c5 22. Nb5 Qf3 23. Qxf3 Nxf3+ 0-1

[Event "Early-Titled-Tuesday-Blitz-December-26-2023"]
[Site "Chess.com"]
[Date "2023.12.26"]
[Round "6"]
[White "UK_23"]
[Black "prime-morty"]
[Result "0-1"]
[WhiteElo "2331"]
[BlackElo "2523"]
[TimeControl "180+1"]
[EndTime "9:03:14 PST"]
[Termination "prime-morty won by resignation"]

1. e4 d6 2. d4 Nf6 3. Nc3 e5 4.
Nf3 Nbd7 5. Rg1 g6 6. g4 h6 7.
h4 h5 8. g5 Ng4 9. Qe2 exd4 10. Nxd4 Bg7 11. Nb3 Nb6 12. Bd2 Ne5 13. O-O-O Bg4 14.
Rxg4 hxg4 15. Nd5 Nbc4 16. Bc3 Rxh4 17. Kb1 c6 18. Ne3 Nxe3 19. Qxe3 Qe7 20. a4 Rh3 21. Qe1 Nf3 22. Qe3 Nxg5 23. Bxh3 Bxc3 24. Bxg4 Bg7 25. f3 f5 26. f4 Nxe4 27. Bf3 Nc3+ 0-1

[Event "Early-Titled-Tuesday-Blitz-December-26-2023"]
[Site "Chess.com"]
[Date "2023.12.26"]
[Round "6"]
[White "LuisFSiles"]
[Black "stratacticos"]
[Result "1-0"]
[WhiteElo "2276"]
[BlackElo "1851"]
[TimeControl "180+1"]
[EndTime "9:03:29 PST"]
[Termination "LuisFSiles won by resignation"]

1. d4 Nf6 2. Bg5 Ne4 3. h4 h6 4. Bf4 c5 5. d5 Qb6 6. Nd2 Nf6 7. e4 Qxb2 8. Rb1 Qa3 9. Nc4 Qc3+ 10. Bd2 Qd4 11.
f3 Nh5 12. Ne2 Qf6 13. Bc3 Qg6 14. g4 Nf6 15. Nf4 Qh7 16. e5 Ng8 17. Bd3 g6 18. e6 f6 19. Bxg6+ 1-0

[Event "Early-Titled-Tuesday-Blitz-December-26-2023"]
[Site "Chess.com"]
[Date "2023.12.26"]
[Round "6"]
[White "Hoshka"]
[Black "Sofia_Blokhin"]
[Result "0-1"]
[WhiteElo "2030"]
[BlackElo "2322"]
[TimeControl "180+1"]
[EndTime "9:03:36 PST"]
[Termination "Sofia_Blokhin won by resignation"]

1. d4 f5 2. g3 Nf6 3. Bg2 g6 4. Nf3 Bg7 5. c4 O-O 6. O-O d6 7. Nc3 Nc6 8. d5 Na5 9. Nd2 c5 10. Qc2 a6 11. Rb1 Rb8 12. a4 Bd7 13. b3 Nh5 14. e4 f4 15. Bf3 fxg3 16. hxg3 Bh3 17. Re1 Bd4 18. Bxh5 Rxf2 19. Kh1 Bg2+ 0-1

[Event "Early-Titled-Tuesday-Blitz-December-26-2023"]
[Site "Chess.com"]
[Date "2023.12.26"]
[Round "6"]
[White "nekotyanof"]
[Black "chito89"]
[Result "0-1"]
[WhiteElo "2634"]
[BlackElo "2841"]
[TimeControl "180+1"]
[EndTime "9:03:49 PST"]
[Termination "chito89 won by resignation"]

1. e4 Nc6 2. Nc3 d6 3. d4 Nf6 4. d5 Nb8 5. Bc4 c6 6. Nf3 g6 7.
O-O Bg7 8. Bg5 O-O 9. Qd2 b5 10.
Bxf6 Bxf6 11. Bb3 b4 12. Ne2 c5 13. c4 Bg4 14. Ng3 Bxf3 15. gxf3 Nd7 16. f4 Nb6 17. a4 a5 18. Rfc1 e6 19. dxe6 fxe6 20.
Ra2 Bd4 21. Ne2 e5 22. Nxd4 exd4 23. Bd1 Qh4 24. f5 gxf5 25. exf5 Rxf5 26. b3 Kh8 27. Bc2 Rg8+ 28. Kf1 Qh3+ 29. Ke2 Re5+ 30. Be4 Rxe4+ 0-1

[Event "Early-Titled-Tuesday-Blitz-December-26-2023"]
[Site "Chess.com"]
[Date "2023.12.26"]
[Round "6"]
[White "Lion-Al-Messi"]
[Black "Giantgoogachess"]
[Result "1-0"]
[WhiteElo "2615"]
[BlackElo "2381"]
[TimeControl "180+1"]
[EndTime "9:03:58 PST"]
[Termination "Lion-Al-Messi won by checkmate"]

1. e4 c5 2. Nf3 e6 3. d4 cxd4 4.
Nxd4 a6 5. Bd3 Bc5 6. Nb3 Ba7 7.
Nc3 Ne7 8. Qe2 O-O 9. Be3 Nbc6 10. h4 d5 11. exd5 exd5 12. Bxa7 Rxa7 13. O-O-O b5 14. h5 d4 15. h6 g6 16. Ne4 Bf5 17.
Nf6+ Kh8 18. Nc5 Qd6 19. Nce4 Qf4+ 20. Kb1 b4 21. g3 Qe5 22. f4 Qc7 23. Ng5 Bxd3 24.
Qxd3 a5 25. Qc4 Nf5 26. Nfxh7 Ne3 27. Qc5 Nxd1 28. Qxf8# 1-0

[Event "Early-Titled-Tuesday-Blitz-December-26-2023"]
[Site "Chess.com"]
[Date "2023.12.26"]
[Round "6"]
[White "GeorgMeier"]
[Black "frederiksvane"]
[Result "1/2-1/2"]
[WhiteElo "3045"]
[BlackElo "2965"]
[TimeControl "180+1"]
[EndTime "9:04:01 PST"]
[Termination "Game drawn by agreement"]

1. Nf3 d5 2. g3 g6 3. Bg2 Bg7 4.
d4 Nf6 5. O-O O-O 6. c4 c6 7.
cxd5 cxd5 8. Nc3 Ne4 9. Ne5 Nxc3 10. bxc3 Nc6 11. Nxc6 bxc6 12. Qa4 Qb6 13. Ba3 Qa6 14.
Qxa6 Bxa6 15. Rfb1 Rfb8 16. Bf1 Bf8 17. Bc5 e6 18. Rxb8 Rxb8 19. Bxa7 Ra8 20. Bc5 Bxc5 21. dxc5 Bc4 22. a4 Ra5 23. e3 Bb5 1/2-1/2

[Event "Early-Titled-Tuesday-Blitz-December-26-2023"]
[Site "Chess.com"]
[Date "2023.12.26"]
[Round "6"]
[White "SaqoChess_Twitch"]
[Black "FunnyDuck66"]
[Result "1-0"]
[WhiteElo "2648"]
[BlackElo "2475"]
[TimeControl "180+1"]
[EndTime "9:04:03 PST"]
[Termination "SaqoChess_Twitch won by checkmate"]

1. d4 Nf6 2. c4 e6 3. Nc3 Bb4 4. e3 c5 5. a3 Ba5 6. Bd3 Bxc3+ 7. bxc3 d5 8. cxd5 Nxd5 9. Ne2 O-O 10. O-O Nc6 11.
e4 Nf6 12. e5 Nd5 13. f4 cxd4 14. cxd4 g6 15. Bb2 b6 16. Qd2 Bb7 17. Ng3 Na5 18.
Qf2 f5 19. exf6 Qxf6 20. Ne4 Qg7 21. Ng5 Rae8 22. Qg3 Nb3 23. Rae1 Qf6 24. Qh3 Re7 25.
Rxe6 Rxe6 26. Qxh7# 1-0

[Event "Early-Titled-Tuesday-Blitz-December-26-2023"]
[Site "Chess.com"]
[Date "2023.12.26"]
[Round "6"]
[White "SharapovEvgeny"]
[Black "PedroGil25"]
[Result "0-1"]
[WhiteElo "2569"]
[BlackElo "2403"]
[TimeControl "180+1"]
[EndTime "9:04:09 PST"]
[Termination "PedroGil25 won by resignation"]

1. e4 c5 2. Nf3 e6 3. d4 cxd4 4. Nxd4 a6 5. Bd3 Qc7 6. O-O Nf6 7.
Qe2 d6 8. c4 Nbd7 9. Nc3 Be7 10. b3 O-O 11. Bb2 b6 12. Kh1 Bb7 13. f4 Rfd8 14.
Rae1 g6 15. f5 e5 16. Nc2 Rf8 17. Nb4 Rae8 18. g4 a5 19. Nbd5 Bxd5 20. Nxd5 Nxd5 21.
exd5 Bf6 22. fxg6 fxg6 23. Be4 Nc5 24. Rf3 Bg5 25. Ref1 Qe7 26. Rxf8+ Rxf8 27. Rxf8+ Qxf8 28. Kg2 Qf4 29. Bc2 Bf6 30. Qf3 Qxf3+ 31. Kxf3 e4+ 32. Bxe4 Bxb2 33. Bc2 Kf7 34. h3 Kf6 35. Kf4 g5+ 36. Kf3 h6 37. Ke3 Ke5 38. Bf5 Bd4+ 39. Ke2 Na6 40. a4 Nc5 41. Bc2 Kf4 0-1

[Event "Early-Titled-Tuesday-Blitz-December-26-2023"]
[Site "Chess.com"]
[Date "2023.12.26"]
[Round "6"]
[White "Kostya0705"]
[Black "Kiborg95"]
[Result "0-1"]
[WhiteElo "2574"]
[BlackElo "2804"]
[TimeControl "180+1"]
[EndTime "9:04:21 PST"]
[Termination "Kiborg95 won by resignation"]

1. e4 d6 2. d4 Nf6 3. Nc3 e5 4. Nf3 Nbd7 5. Bc4 Be7 6. h3 c6 7. O-O O-O 8. a4 h6 9. Ba2 a5 10. Re1 Re8 11. Be3 exd4 12. Bxd4 Nf8 13. Qd2 Be6 14. Be3 Bxa2 15. Rxa2 Ne6 16. Raa1 Bf8 17. Nd4 Nxd4 18. Qxd4 Re6 19. Rad1 Qe7 20. Bf4 d5 21. e5 Nd7 22. Bg3 f6 23. f4 fxe5 24. fxe5 Re8 25. Rd2 Qg5 26. Kh2 Nxe5 27. Rde2 Bd6 28. Qb6 Nf3+ 29. gxf3 Qxg3+ 30. Kh1 Rxe2 0-1

[Event "Early-Titled-Tuesday-Blitz-December-26-2023"]
[Site "Chess.com"]
[Date "2023.12.26"]
[Round "6"]
[White "rikchessmx"]
[Black "Blackwhite017"]
[Result "1-0"]
[WhiteElo "2212"]
[BlackElo "2078"]
[TimeControl "180+1"]
[EndTime "9:04:21 PST"]
[Termination "rikchessmx won on time"]

1. e4 c5 2. Nf3 d6 3. d4 cxd4 4.
Nxd4 Nf6 5. Nc3 g6 6. f4 Nc6 7.
Nxc6 bxc6 8. Bd3 Bg7 9. O-O O-O 10. Qe1 a5 11. Qh4 Nd7 12. f5 e6 13. Bg5 Qb6+ 14. Kh1 Qxb2 15. Ne2 exf5 16. exf5 Ne5 17. Be7 Re8 18.
Rab1 Qxa2 19. f6 Bh8 20. Nc3 Qe6 21. Bf5 1-0